 Dungeon Crawl Stone Soup version 0.31-a0-819-gf6de2f5ab6 (webtiles) character file.

Game seed: 226338527185672233

567 qw the Shooter (level 7, -6/44 HPs)
             Began as a Gargoyle Hunter on Sept 23, 2023.
             Killed by divine providence
             ... invoked by an orc priest
              (11 damage)
             ... on level 5 of the Dungeon.
             The game lasted 00:01:04 (2827 turns).

qw the Shooter (Gargoyle Hunter)                    Turns: 2827, Time: 00:01:04

Health: -6/44      AC: 11    Str: 15    XL:     7   Next: 33%
Magic:  7/7        EV: 11    Int:  9    God:
Gold:   200        SH:  5    Dex: 15    Spells: 6/6 levels left

rFire   . . .        Y - +5 shortbow
rCold   . . .        (shield currently unavailable)
rNeg    + . .        b - +0 ring mail
rPois   inf          e - +1 hat
rElec   +            (no cloak)
rCorr   .            (no gloves)
SInv    .            (no boots)
Will    .....        f - amulet of reflection
Stlth   +            (no ring)
HPRegen 0.27/turn    (no ring)
MPRegen 0.10/turn

%: reflection
@: no status effects
A: sickness immunity, AC +4, negative energy resistance 1, electricity
resistance, torment resistance 1, petrification resistance
a: no special abilities


You were on level 5 of the Dungeon.
You visited 1 branch of the dungeon, and saw 5 of its levels.

You collected 200 gold pieces.


Innate Abilities, Weirdness & Mutations

You are immune to sickness and miasma.
Your stone body is resilient. (AC +4)
You are immune to poison.
You resist negative energy. (rN+)
You are resistant to electric shocks. (rElec)
You are resistant to unholy torment.
You are immune to petrification.


   Skills:
 - Level 4.7 Fighting
 + Level 7.6 Ranged Weapons
 - Level 1.0 Armour
 - Level 1.5 Dodging
 - Level 1.1 Stealth


You had 6 spell levels left.
You didn't know any spells.
Your spell library was empty.

Inventory:

Hand Weapons
 Y - a +5 shortbow (weapon)
Armour
 b - a +0 ring mail (worn)
 e - a +1 hat (worn)
Jewellery
 f - an amulet of reflection (around neck)
Scrolls
 a - a scroll of identify
Potions
 c - a potion of degeneration {unknown}
 d - a potion of ambrosia {unknown}
 h - a potion of might {unknown}

Dungeon Overview and Level Annotations

Branches:
Dungeon (5/15)
 Temple: D:4-7

Altars:
Cheibriados
Kikubaaqudgha
The Shining One


Message History

The orc priest hits you but does no damage.
The orc wizard closely misses you.
2822 |||
Found retreat position at 1,-1 (orc priest; floor) with 0 blocking monsters and 3 monsters attacking at destination at distance 1 You shoot an arrow.
The arrow hits the orc priest but does no damage.
The orc priest is severely wounded.
You block the orc's attack.
The orc priest miscasts a cantrip.
The orc priest hits you but does no damage.
The orc hits you with a +0 flail.
2823 |||
Found retreat position at 1,-1 (orc priest; floor) with 0 blocking monsters and 3 monsters attacking at destination at distance 1 You shoot an arrow.
The arrow hits the orc priest.
You kill the orc priest!
The orc hits you from afar with a +0 trident.
You block the orc's attack.
The orc wizard hits you but does no damage.
The orc unwields a +0 sling.
The orc wields a +0 short sword.
The orc hits you but does no damage.
You shoot an arrow. The arrow barely misses the orc wizard.
The orc hits you from afar with a +0 trident.
The orc misses you.
The orc wizard points at you and mumbles some strange words.
The magic dart hits you. The adder bites you but does no damage.
The orc hits you with a +0 short sword. The orc hits you but does no damage.
2825 |||
Found retreat position at 1,-1 (floor) with 0 blocking monsters and 2 monsters attacking at destination at distance 1
2825 ||| Stepping ~*~*~tactically~*~*~ (retreating).
Things that are here:
a +0 short sword; a +0 chain mail; an orc corpse You shoot an arrow.
The arrow closely misses the adder.
The adder bites you but does no damage. You block the adder's attack.
The orc closely misses you.
The orc priest calls down the wrath of Beogh upon you.
You struggle to resist.
2827 |||
Found retreat position at 0,-1 (orc priest; floor) with 0 blocking monsters and 2 monsters attacking at destination at distance 1 You shoot an arrow.
The arrow barely misses the orc wizard.
The orc wizard barely misses you. The adder misses you.
You block the orc's attack.
The orc priest invokes the aid of Beogh against you.
Beogh smites you!
You die...

......### .#._.
........##..#.#
.........##.. .
<.........## .#
#....## .#
##.....## ..#
##....#).# ..
#.<....#o#.#
#......#@o.#
#.##...S#o##
#.#......o#
......#####
......##
...#.### #####


You could see an orc priest, an orc wizard, an adder and 2 orcs.

Vanquished Creatures
  Menkaure (D:5)
  A phantom (D:4)
  2 orc priests (D:5)
  A jelly (D:4)
  2 iguanas (D:4)
  An orc wizard (D:3)
  Natasha (thrice) (D:2)
  4 adders
  A gnoll (D:1)
  A white imp (D:4)
  4 dart slugs
  6 orcs
  9 ball pythons
  4 bats
  3 endoplasms (D:1)
  2 giant cockroaches (D:4)
  9 goblins
  5 hobgoblins
  4 jackals (D:4)
  5 kobolds
  5 quokkas
  4 frilled lizards
  5 rats
82 creatures vanquished.

Notes
Turn   | Place    | Note
-------+----------+-------------------------------------------
     0 | D:1      | qw the Gargoyle Hunter began the quest for the Orb.
     0 | D:1      | Reached XP level 1. HP: 12/12 MP: 1/1
     0 | D:1      | 0 ||| qw: Version: 0.3-a-83-gcd0e7d8
     0 | D:1      | 0 ||| qw: Game counter: 1559
     0 | D:1      | 0 ||| qw: Melee chars always use a shield: true
     0 | D:1      | 0 ||| qw: God list: Okawaru
     0 | D:1      | 0 ||| qw: Allow faded altars: false
     0 | D:1      | 0 ||| qw: Do Orc after clearing Dungeon:15 true
     0 | D:1      | 0 ||| qw: Do second Lair branch before Depths: true
     0 | D:1      | 0 ||| qw: Lair rune preference: random
     0 | D:1      | 0 ||| qw: Goals: Normal
     0 | D:1      | 0 ||| PLANNING D:1-11
   259 | D:1      | Reached XP level 2. HP: 17/17 MP: 2/2
   427 | D:1      | Reached XP level 3. HP: 21/21 MP: 3/3
   482 | D:1      | Reached skill level 5 in Ranged Weapons
   657 | D:1      | 657 ||| UPGRADING to amulet of reflection.
   662 | D:1      | 662 ||| READING scroll labelled ZIKOAD JUDDOM.
   663 | D:1      | 663 ||| READING scroll labelled LUCIAL GILA.
   664 | D:1      | 664 ||| DROPPING scroll of butterflies.
   883 | D:2      | Reached skill level 3 in Fighting
   926 | D:2      | Noticed Natasha
   929 | D:2      | Killed Natasha
   930 | D:2      | Reached XP level 4. HP: 26/28 MP: 4/4
   968 | D:2      | Noticed Natasha
   979 | D:2      | Killed Natasha
   990 | D:2      | Noticed Natasha
   998 | D:2      | Killed Natasha
   999 | D:2      | Reached skill level 6 in Ranged Weapons
   999 | D:2      | Reached XP level 5. HP: 23/32 MP: 5/5
  1148 | D:2      | 1148 ||| READING scroll of enchant weapon.
  1148 | D:2      | 1148 ||| ENCHANTING +1 shortbow.
  1160 | D:2      | 1160 ||| READING scroll of enchant weapon.
  1160 | D:2      | 1160 ||| ENCHANTING +2 shortbow.
  1456 | D:2      | 1456 ||| UPGRADING to +0 ring mail.
  1466 | D:2      | 1466 ||| DROPPING +0 leather armour.
  1467 | D:2      | 1467 ||| READING 2 scrolls labelled GADGHU MEGUIMM.
  1468 | D:2      | 1468 ||| DROPPING scroll of amnesia.
  1663 | D:3      | Found an ancient bone altar of Kikubaaqudgha.
  1711 | D:3      | Reached skill level 1 in Armour
  1713 | D:3      | 1713 ||| FLEEEEING.
  1714 | D:3      | 1714 ||| FLEEEEING.
  1715 | D:3      | 1715 ||| FLEEEEING.
  1716 | D:3      | 1716 ||| FLEEEEING.
  1717 | D:3      | 1717 ||| FLEEEEING.
  1718 | D:3      | 1718 ||| FLEEEEING.
  2023 | D:3      | 2023 ||| DROPPING ring of flight.
  2024 | D:3      | 2024 ||| READING scroll labelled JORRICUYGG.
  2025 | D:3      | 2025 ||| READING 3 scrolls of identify.
  2025 | D:3      | 2025 ||| IDENTIFYING red potion
  2026 | D:3      | 2026 ||| READING 2 scrolls of identify.
  2026 | D:3      | 2026 ||| IDENTIFYING pink potion
  2027 | D:3      | 2027 ||| DROPPING potion of brilliance.
  2028 | D:3      | 2028 ||| DROPPING potion of attraction.
  2050 | D:4      | Noticed a phantom
  2066 | D:4      | Killed a phantom
  2067 | D:4      | Reached XP level 6. HP: 24/39 MP: 6/6
  2339 | D:4      | Found a snail-covered altar of Cheibriados.
  2536 | D:4      | 2536 ||| READING 2 scrolls of enchant weapon.
  2536 | D:4      | 2536 ||| ENCHANTING +3 shortbow.
  2537 | D:4      | 2537 ||| READING scroll of enchant weapon.
  2537 | D:4      | 2537 ||| ENCHANTING +4 shortbow.
  2656 | D:4      | 2656 ||| UPGRADING to +1 hat.
  2661 | D:4      | 2661 ||| READING scroll labelled BEBBOL ZO HAOMA.
  2697 | D:5      | Entered Level 5 of the Dungeon
  2697 | D:5      | Noticed Menkaure
  2698 | D:5      | 2698 ||| PLANNING OSSUARY
  2701 | D:5      | Killed Menkaure
  2702 | D:5      | Reached skill level 7 in Ranged Weapons
  2702 | D:5      | Reached XP level 7. HP: 19/44 MP: 7/7
  2702 | D:5      | 2702 ||| STAIRDANCE
  2797 | D:5      | Found a glowing golden altar of the Shining One.
  2801 | D:5      | 2801 ||| RETREEAATING.
  2802 | D:5      | 2802 ||| STILL RETREEAATING.
  2803 | D:5      | 2803 ||| STILL RETREEAATING.
  2804 | D:5      | 2804 ||| RETREEAATING.
  2809 | D:5      | 2809 ||| Stepping ~*~*~tactically~*~*~ (retreating).
  2810 | D:5      | 2810 ||| Stepping ~*~*~tactically~*~*~ (retreating).
  2811 | D:5      | 2811 ||| Stepping ~*~*~tactically~*~*~ (retreating).
  2815 | D:5      | 2815 ||| Stepping ~*~*~tactically~*~*~ (retreating).
  2817 | D:5      | 2817 ||| Stepping ~*~*~tactically~*~*~ (retreating).
  2822 | D:5      | HP: 11/44 [orc/+0 flail (5)]
  2824 | D:5      | HP: 5/44 [orc wizard/magic dart (1)]
  2825 | D:5      | 2825 ||| Stepping ~*~*~tactically~*~*~ (retreating).
  2827 | D:5      | Killed from afar by an orc priest

Levels and vault maps discovered:
D:1:      lemuel_arrival_rhombus, layout_loops_ring
D:2:      layout_loops_ring, uniq_natasha
D:3:      layout_rooms, mainiacjoe_overflow_24_doors
D:4:      layout_basic, kennysheep_slug_shrine, minmay_distorted
D:5:      layout_cave_pools, tso_metal_star, enter_ossuary_3, uniq_menkaure

Skill      XL: |  1  2  3  4  5  6 |
---------------+-------------------+-----
Ranged Weapons | 5 6 7 |  7.6
Fighting       | 3 4 |  4.7
Armour         | 1 |  1.0
Dodging        | |  1.5
Stealth        | |  1.1

Action                     |  1- 3 |  4- 6 |  7- 9 || total
---------------------------+-------+-------+-------++-------
   Fire: Shortbow          |    64 |   152 |    19 ||   235
    Use: Scroll            |     2 |     9 |       ||    11
 Armour: Leather armour    |    17 |     5 |       ||    22
         Ring mail         |       |    36 |    18 ||    54
  Dodge: Dodged            |     8 |    32 |    14 ||    54
  Block: Other             |     4 |    13 |    10 ||    27

Table legend:
 A = Non-vault XP
 B = Vault XP
 C = Vault XP percentage of total XP
 D = Non-vault monster count
 E = Vault monster count
 F = Vault count percentage of total count
                 A         B        C        D         E       F
            +---------+---------+-------+---------+---------+-------
      Total |     501 |     310 |  38.2 |      77 |       5 |   6.1
            +---------+---------+-------+---------+---------+-------
        D:1 |      43 |       0 |   0.0 |      18 |       0 |   0.0
        D:2 |     120 |      35 |  22.6 |      17 |       1 |   5.6
        D:3 |      81 |       0 |   0.0 |      19 |       0 |   0.0
        D:4 |     167 |     106 |  38.8 |      19 |       3 |  13.6
        D:5 |      90 |     169 |  65.3 |       4 |       1 |  20.0
            +---------+---------+-------+---------+---------+-------
